 Dungeon Crawl Stone Soup version 0.26.1-11-gd32895ea62 (webtiles) character file.

Game seed: 1872232748832777763

82250 phalm the Blocker (level 15, 0/120 HPs)
             Began as a Gnoll Fighter on May 17, 2021.
             Was the Champion of Cheibriados.
             Slain by an orc knight
             ... wielding a +0 great mace
              (23 damage)
             ... on level 1 of the Orcish Mines.
             The game lasted 01:02:35 (21733 turns).

phalm the Blocker (Gnoll Fighter)                  Turns: 21733, Time: 01:02:36

Health: 0/120      AC: 23    Str: 38    XL:     15   Next: 73%
Magic:  29/29      EV: 22    Int: 31    God:    Cheibriados [******]
Gold:   1073       SH: 24    Dex: 31    Spells: 15/34 levels left

rFire    . . .     SeeInvis .   q - +10 rapier "Umoukah" {flame, rN+}
rCold    + . .     Faith    .   X - +2 kite shield
rNeg     + . .     Spirit   .   Z - +3 scale mail {Will+}
rPois    +         Reflect  +   r - +0 helmet
rElec    .         Harm     .   x - +2 cloak
rCorr    .         Rampage  .   t - +1 pair of gloves "Sasycida" {rPois Int+5}
Will     ++...                  z - +2 pair of boots {Fly}
Stlth    ++++......             v - amulet of reflection
HPRegen  0.30/turn              C - ring of protection from cold
MPRegen  0.21/turn              P - ring of poison resistance

@: mighty, studying Shields, silenced, very slow
A: distributed training, fangs 1, strong nose
a: Renounce Religion, Evoke Flight


You were on level 1 of the Orcish Mines.
You worshipped Cheibriados.
Cheibriados was exalted by your worship.
You visited 4 branches of the dungeon, and saw 19 of its levels.

You collected 2079 gold pieces.
You spent 1006 gold pieces at shops.


Innate Abilities, Weirdness & Mutations

Your experience applies equally to all skills.
You have very sharp teeth.
Your uncanny sense of smell can sniff out nearby items.


   Skills:
 + Level 11.9 Fighting
 + Level 10.2 Short Blades
 + Level 10.2 Long Blades
 + Level 11.1 Axes
 + Level 10.2 Maces & Flails
 + Level 10.2 Polearms
 + Level 10.2 Staves
 + Level 10.2 Slings
 + Level 10.2 Bows
 + Level 10.2 Crossbows
 + Level 10.2 Throwing
 + Level 11.9 Armour
 + Level 10.2 Dodging
 + Level 10.2 Stealth
 + Level 14.9 Shields
 + Level 10.2 Unarmed Combat
 + Level 10.2 Spellcasting
 + Level 8.6 Conjurations
 + Level 8.6 Hexes
 + Level 8.6 Summonings
 + Level 8.6 Necromancy
 + Level 8.6 Translocations
 + Level 8.6 Transmutations
 + Level 8.6 Fire Magic
 + Level 8.6 Ice Magic
 + Level 8.6 Air Magic
 + Level 8.6 Earth Magic
 + Level 8.6 Poison Magic
 + Level 11.1 Invocations
 + Level 10.2 Evocations


You had 15 spell levels left.
You knew the following spells:

 Your Spells              Type           Power        Failure   Level
c - Conjure Flame         Conj/Fire      63%          1%          3
m - Mephitic Cloud        Conj/Pois/Air  63%          1%          3
o - Olgreb's Toxic Radia  Pois           63%          1%          4
B - Blink                 Tloc           N/A          1%          2
X - Iskenderun's Mystic   Conj/Tloc      63%          1%          4
Y - Ignite Poison         Fire/Tmut/Pois 63%          1%          3

Your spell library contained the following spells:

 Spells                   Type           Power        Failure   Level
 Magic Dart               Conj           100%         1%          1
 Sting                    Tmut/Pois      100%         1%          1
 Summon Small Mammal      Summ           100%         1%          1
 Call Imp                 Summ           63%          1%          2
 Poisonous Vapours        Pois/Air       100%         1%          2
 Searing Ray              Conj           100%         1%          2
 Slow                     Hex            63%          1%          2
 Call Canine Familiar     Summ           63%          1%          3
 Confusing Touch          Hex            63%          1%          3
 Dazzling Flash           Conj/Hex       100%         1%          3
 Gell's Gravitas          Tloc           31%          1%          3
 Summon Guardian Golem    Hex/Summ       63%          1%          3
 Fulminant Prism          Conj/Hex       31%          1%          4
 Petrify                  Tmut/Erth      63%          1%          4
 Summon Ice Beast         Ice/Summ       63%          1%          4
 Summon Lightning Spire   Summ/Air       63%          1%          4
 Metabolic Englaciation   Hex/Ice        31%          3%          5
 Yara's Violent Unravell  Hex/Tmut       31%          3%          5

Inventory:

Hand Weapons
 o - a +2 vorpal broad axe
   (You took it off Urug on level 2 of the Orcish Mines)
 q - the +10 rapier "Umoukah" (weapon) {flame, rN+}
   (You bought it in a shop on level 2 of the Orcish Mines)

   It has been specially enchanted to burn those struck by it, causing extra
   injury to most foes and up to half again as much damage against particularly
   susceptible opponents.
   It protects you from negative energy.
 u - a +5 demon whip of venom
   (You found it on level 5 of the Lair of Beasts)
Missiles
 a - 10 boomerangs
 i - 4 silver javelins
 p - 46 poisoned darts (quivered)
 G - 4 javelins
 Q - 4 boomerangs of dispersal {=f!f}
Armour
 r - a +0 helmet (worn)
   (You took it off Robin on level 2 of the Dungeon)
 t - the +1 pair of gloves "Sasycida" (worn) {rPois Int+5}
   (You bought it in a shop on level 2 of the Orcish Mines)

   It affects your intelligence (+5).
   It protects you from poison.
 x - a +2 cloak (worn)
   (You found it on level 3 of the Dungeon)
 z - a +2 pair of boots of flying (worn)
   (You bought it in a shop on level 2 of the Orcish Mines)
 X - a +2 kite shield (worn)
   (You found it on level 6 of the Lair of Beasts)
 Z - a +3 scale mail of willpower (worn)
   (You found it on level 6 of the Lair of Beasts)
Jewellery
 v - an amulet of reflection (around neck)
   (You found it on level 3 of the Dungeon)
 C - a ring of protection from cold (left hand)
   (You found it on level 10 of the Dungeon)
 P - a ring of poison resistance (right hand)
   (You found it on level 2 of the Dungeon)
Wands
 d - a wand of acid (6)
   (You took it off a gnoll on level 3 of the Dungeon)
 g - a wand of enslavement (7)
   (You took it off a gnoll on level 3 of the Dungeon)
 m - a wand of paralysis (1)
   (You found it on level 4 of the Dungeon)
 s - a wand of flame (16)
   (You found it on level 10 of the Dungeon)
 w - a wand of polymorph (25)
   (You found it on level 3 of the Dungeon)
 D - a wand of disintegration (16)
   (You found it on level 8 of the Dungeon)
Scrolls
 e - a scroll of brand weapon {unknown}
 f - 3 scrolls of magic mapping {!r}
 j - 3 scrolls of fog
 l - 12 scrolls of teleportation {@r4}
 y - 5 scrolls of remove curse {@r2}
 N - 4 scrolls of fear
 O - a scroll of summoning
 S - 2 scrolls of immolation {!r!r}
 T - a scroll of blinking {!r}
 U - a scroll of holy word {unknown}
Potions
 c - a potion of magic {unknown}
 h - a potion of lignification {!q}
 k - 5 potions of brilliance
 n - 4 potions of flight
 E - 2 potions of heal wounds {@q2}
 H - 3 potions of ambrosia
 I - a potion of invisibility {unknown}
 J - 9 potions of attraction {!q}
 M - 2 potions of curing {@q1}
 V - a potion of cancellation
 W - a potion of might
Books
 A - a manual of Shields {!d}
   (You found it on level 3 of the Dungeon)
Miscellaneous
 b - a condenser vane
   (You found it on level 3 of the Lair of Beasts)
 F - a phial of floods
   (You found it on level 4 of the Lair of Beasts)

Dungeon Overview and Level Annotations

Branches:
Dungeon (10/15)            Temple (1/1) D:6            Lair (6/6) D:9
  Swamp (0/4) Lair:4       Spider (0/4) Lair:4        Slime (0/5) Lair:6
    Orc (2/2) D:10            Elf (0/3) Orc:2

Altars:
Ashenzari
Cheibriados
Dithmenos
Elyvilon
Fedhas
Gozag
Hepliaklqana
Kikubaaqudgha
Makhleb
Nemelex Xobeh
Okawaru
Qazlal
Ru
Sif Muna
Trog
Uskayaw
Vehumet
Wu Jian
Xom
Yredelemnul
Zin
The Shining One
Beogh
Jiyva

Shops:
Orc:2 [[([

Annotations:
Lair:5 exclusion: 2 oklob plants
Orc:1 1 transporter, 1 runed translucent door

......##...$$ ###++###....#.#....
......##..[(C###...##............
.#...©##..$:_+W#!÷©##©......#....
#.....##..??[ ##...##.......###..
.#....##...$$####''###.....## ###
#..#####....$#y#...#y#...### #
##.#y#∆#..⌠..###...####### ###
#..### #......(o..## ##.. ...#
#.......T@## ##... ...#
########### ##.... ..##


eeeey#§# #..... ##.# ######### ##.##. #### ##### # # # # You could see an orc
knight (berserk), 2 moths of wrath and a troll (berserk, paralysed).


Message History

You block the troll's attack. The troll closely misses you.
You block the troll's attack. 😮 HP[-15]
You take 15 damage, and now have 63/120 hp.
You puncture the stone giant! You burn the stone giant.
You bite the stone giant. The stone giant hits you!!
* * * LOW HITPOINT WARNING * * *
You block the troll's attack. x3 😱 HP[-33]
You take 33 damage, and now have 30/120 hp.
MASSIVE DAMAGE!! (PAUSE)
Okay, then.
You are confused.
You feel invigorated. The stone giant hits you!!
* * * LOW HITPOINT WARNING * * *
The troll closely misses you. x2; The troll barely misses you.
The stone giant completely misses you. The troll completely misses you.
The troll claws you but does no damage. The troll misses you. 😱 HP[-22]
You take 22 damage, and now have 8/120 hp.
You feel much better. The stone giant misses you.
The moth of wrath goads the orc knight on!
The orc knight goes berserk!
The troll closely misses you. The troll misses you.
The troll claws you but does no damage. 😨 HP[+34]
You regained 34 hp, and now have 42/120 hp.
You feel very mighty all of a sudden. The stone giant barely misses you.
The troll completely misses you. x2
The troll misses you. The stone giant barely misses you. The troll bites you!
* * * LOW HITPOINT WARNING * * *
The troll closely misses you.
The troll claws you but does no damage. 😨 HP[-4]
You take 4 damage, and now have 38/120 hp.
You impale the stone giant!! You burn the stone giant!
The stone giant misses you. The troll closely misses you. The troll misses you.
The troll completely misses you. 😨 HP[+3]
You regained 3 hp, and now have 41/120 hp.
You puncture the stone giant! You burn the stone giant.
You kill the stone giant!
Cheibriados thoroughly appreciates the change of pace.
The troll misses you. The troll claws you!
* * * LOW HITPOINT WARNING * * *
The troll claws you but does no damage. 😨 HP[-5]
You take 5 damage, and now have 36/120 hp.
You feel less invigorated.
You feel less confused. The troll completely misses you.
You block the troll's attack. The troll claws you.
* * * LOW HITPOINT WARNING * * *
You block the troll's attack. x2; The troll claws you.
* * * LOW HITPOINT WARNING * * *
The two-headed ogre closely misses you. The two-headed ogre misses you.
The moth of wrath goads the orc knight on!
The orc knight goes berserk!
The moth of wrath goads the two-headed ogre on!
The two-headed ogre goes berserk! 😨 HP[-5]
You take 5 damage, and now have 31/120 hp.
Aiming: Paralyse
Press: ? - help, Shift-Dir - straight line, f - troll
Aim: a troll (silenced, berserk, chance to affect: 72%)
The troll suddenly stops moving!
The two-headed ogre barely misses you. You block the two-headed ogre's attack.
Aiming: Paralyse
Press: ? - help, Shift-Dir - straight line, f - two-headed ogre, p - troll
Aim: a two-headed ogre, wielding two +0 giant clubs (silenced, berserk, chance to affect: 55%)
The two-headed ogre suddenly stops moving! 😨 HP[+1]
The helpless two-headed ogre fails to defend itself.
You perforate the two-headed ogre like a sieve!!!!
You burn the two-headed ogre!
You kill the two-headed ogre!
Aiming: Paralyse
Press: ? - help, Shift-Dir - straight line, f - orc knight
Aim: an orc knight, wielding a +0 great sword and wearing a +0 plate armour (silenced, berserk, chance to affect: 55%)
The orc knight resists with significant effort.
The orc knight misses you.
The orc knight rages.
The orc knight hits you with a +0 great sword!
* * * LOW HITPOINT WARNING * * *
😱 HP[-10]
You take 10 damage, and now have 22/120 hp.
Aiming: Paralyse
Press: ? - help, Shift-Dir - straight line, f/p - orc knight
Aim: an orc knight, wielding a +0 great sword and wearing a +0 plate armour (silenced, berserk, chance to affect: 55%)
The orc knight suddenly stops moving! 😱 HP[+1]
The helpless orc knight fails to defend itself.
You skewer the orc knight like a kebab!!!!!
You burn the orc knight.
You kill the orc knight!
Aiming: Paralyse
Press: ? - help, Shift-Dir - straight line, f - orc knight
Aim: an orc knight, wielding a +0 great mace and wearing a +0 plate armour (silenced, berserk, chance to affect: 56%)
The orc knight resists with significant effort.
The orc knight hits you with a +0 great mace!!
You die...

Skill      XL: |  1  2  3  4  5  6  7  8  9 10 11 12 13 14 15 |
---------------+----------------------------------------------+-----
Invocations    | 1 2 3 4 5 6 7 8 9 10 11 | 11.1
Short Blades   | 1 2 3 4 5 6 7 8 9 10 | 10.2
Long Blades    | 1 2 3 4 5 6 7 8 9 10 | 10.2
Maces & Flails | 1 2 3 4 5 6 7 8 9 10 | 10.2
Polearms       | 1 2 3 4 5 6 7 8 9 10 | 10.2
Staves         | 1 2 3 4 5 6 7 8 9 10 | 10.2
Slings         | 1 2 3 4 5 6 7 8 9 10 | 10.2
Bows           | 1 2 3 4 5 6 7 8 9 10 | 10.2
Crossbows      | 1 2 3 4 5 6 7 8 9 10 | 10.2
Throwing       | 1 2 3 4 5 6 7 8 9 10 | 10.2
Dodging        | 1 2 3 4 5 6 7 8 9 10 | 10.2
Stealth        | 1 2 3 4 5 6 7 8 9 10 | 10.2
Unarmed Combat | 1 2 3 4 5 6 7 8 9 10 | 10.2
Spellcasting   | 1 2 3 4 5 6 7 8 9 10 | 10.2
Evocations     | 1 2 3 4 5 6 7 8 9 10 | 10.2
Conjurations   | 1 2 3 4 5 6 7 8 |  8.6
Hexes          | 1 2 3 4 5 6 7 8 |  8.6
Summonings     | 1 2 3 4 5 6 7 8 |  8.6
Necromancy     | 1 2 3 4 5 6 7 8 |  8.6
Translocations | 1 2 3 4 5 6 7 8 |  8.6
Transmutations | 1 2 3 4 5 6 7 8 |  8.6
Fire Magic     | 1 2 3 4 5 6 7 8 |  8.6
Ice Magic      | 1 2 3 4 5 6 7 8 |  8.6
Air Magic      | 1 2 3 4 5 6 7 8 |  8.6
Earth Magic    | 1 2 3 4 5 6 7 8 |  8.6
Poison Magic   | 1 2 3 4 5 6 7 8 |  8.6
Axes           | 5 6 7 8 9 10 11 | 11.1
Shields        | 7 8 9 10 11 12 13 14 | 14.9
Fighting       | 7 8 9 10 11 | 11.9
Armour         | 7 8 9 10 11 | 11.9

Action                   |  1- 3 |  4- 6 |  7- 9 | 10-12 | 13-15 || total
-------------------------+-------+-------+-------+-------+-------++-------
Melee: War axe           |    82 |   144 |    17 |       |       ||   243
       Bite              |     4 |    17 |    57 |   145 |   211 ||   434
       Spear             |       |       |   341 |   619 |   205 ||  1165
       Demon whip        |       |       |       |       |   605 ||   605
       Rapier            |       |       |       |       |    65 ||    65
 Fire: Hunting sling     |       |    13 |       |       |       ||    13
Throw: Dart              |       |    24 |    33 |       |   277 ||   334
       Boomerang         |       |       |    18 |   294 |    70 ||   382
       Javelin           |       |       |       |       |     2 ||     2
 Cast: Iskenderun's Myst |       |       |       |       |    14 ||    14
       Conjure Flame     |       |       |       |       |     5 ||     5
       Olgreb's Toxic Ra |       |       |       |       |    39 ||    39
       Ignite Poison     |       |       |       |       |    11 ||    11
 Abil: Stop Flying       |       |       |       |       |     1 ||     1
Evoke: Wand              |       |       |       |     7 |    13 ||    20
       Condenser vane    |       |       |       |     1 |     1 ||     2
       Phial of floods   |       |       |       |       |     1 ||     1
  Use: Scroll            |       |     5 |    10 |     9 |     4 ||    28
       Potion            |       |     4 |       |       |     4 ||     8
 Stab: Sleeping          |       |       |     1 |     7 |     3 ||    11
       Petrified         |       |       |       |       |     5 ||     5
       Petrifying        |       |       |       |       |     1 ||     1
       Paralysed         |       |       |       |       |     2 ||     2
Armor: Scale mail        |    32 |    58 |   109 |    17 |    39 ||   255
       Leather armour    |       |       |       |    13 |       ||    13
       Troll leather arm |       |       |       |    17 |    48 ||    65
Dodge: Dodged            |    23 |    41 |    74 |   135 |   360 ||   633
Block: Kite shield       |    48 |   123 |   262 |   407 |   800 ||  1640
       Reflection        |       |     4 |     7 |    10 |     8 ||    29

Levels and vault maps discovered:
D:1:      dpeg_arrival_prison, layout_loops_corners, minmay_fountain_box
D:2:      layout_rooms, grunt_temple_overflow_open, serial_rivers,
          chequers_serial_rivers_small_3, chequers_serial_rivers_large_b,
          chequers_serial_rivers_micro_d, chequers_serial_rivers_micro_e,
          chequers_serial_rivers_marsh, chequers_serial_rivers_small_b,
          minivault_27, uniq_terence, uniq_robin
D:3:      layout_basic, gammafunk_ghost_gnarly_gnolls, hex_tiny
D:4:      minmay_spotlight, layout_basic
D:5:      layout_cave_pods, kiku_gazebo_garden_becter, ashenzari_altar_1,
          serial_column_ruins, column_ruins_circle_large,
          column_ruins_open_tiny, column_ruins_grid_1, column_ruins_open_small,
          column_ruins_grid_1, column_ruins_open_small, column_ruins_grid_1,
          column_ruins_open_tiny, nicolae_ru_sacrificial_ziggurat
D:6:      layout_loops_ring, minmay_temple_entry_mini_moons,
          guppyfry_early_elven_hall, uniq_duvessa
D:7:      layout_cave_pods, mrwooster_statue_mirror, grunt_ministairs_5,
          grunt_livestock, xom_redecorated, uniq_prince_ribbit1, uniq_pikel
D:8:      layout_loops_cross
D:9:      layout_basic, dpeg_lair_monsters, fungi_pond_lemuel,
          hangedman_little_slice_of_home
D:10:     layout_roguey, orc_0_dummy, serial_undead, serial_undead_c,
          serial_undead_e, serial_undead_b, serial_undead_a
Temple:   dpeg_five_rooms_temple
Lair:1:   layout_gridlike, lemuel_fruit_tree
Lair:2:   layout_regular_city, grunt_megastairs_4
Lair:3:   layout_cave_pods
Lair:4:   layout_hall_layers, nicolae_swamp_entry_splash_gauntlet,
          spider_nest_entry_a, gammafunk_ghost_icy
Lair:5:   layout_small_grid, infiniplex_staircase_pool_2,
          minmay_lair_oklob_chamber
Lair:6:   evilmike_catoblepas_cave, layout_small_grid, slime_altar_1,
          gammafunk_ghost_hive, st_stairs_3, grunt_forest_large_clearings,
          serial_bayou_shore_a
Orc:1:    emtedronai_trogs_sanctum, layout_caves
Orc:2:    grunt_orc_community_town_hall, layout_caves,
          grunt_orc_community_big_house_1, grunt_orc_community_big_house_2,
          grunt_orc_community_house_1, grunt_orc_community_house_2,
          grunt_orc_community_house_2, grunt_orc_community_house_1,
          nicolae_orc_sculptors_studio, uniq_urug

Notes
Turn   | Place    | Note
-------+----------+-------------------------------------------
     0 | D:1      | phalm the Gnoll Fighter began the quest for the Orb.
     0 | D:1      | Reached XP level 1. HP: 23/23 MP: 1/1
     0 | D:1      | magus.rc [v1.9.10]
   192 | D:1      | Reached XP level 2. HP: 28/29 MP: 2/2
  1040 | D:2      | Reached XP level 3. HP: 35/35 MP: 3/3
  1102 | D:2      | Found a hide-covered altar of Uskayaw.
  1102 | D:2      | Found a hazy altar of Hepliaklqana.
  1107 | D:2      | Noticed Terence
  1114 | D:2      | Reached skill level 1 in Invocations
  1121 | D:2      | Killed Terence
  1122 | D:2      | Reached skill level 1 in Short Blades
  1122 | D:2      | Reached skill level 1 in Long Blades
  1122 | D:2      | Reached skill level 1 in Maces & Flails
  1122 | D:2      | Reached skill level 1 in Polearms
  1122 | D:2      | Reached skill level 1 in Staves
  1122 | D:2      | Reached skill level 1 in Slings
  1122 | D:2      | Reached skill level 1 in Bows
  1122 | D:2      | Reached skill level 1 in Crossbows
  1122 | D:2      | Reached skill level 1 in Throwing
  1122 | D:2      | Reached skill level 1 in Dodging
  1122 | D:2      | Reached skill level 1 in Stealth
  1122 | D:2      | Reached skill level 1 in Unarmed Combat
  1122 | D:2      | Reached skill level 1 in Spellcasting
  1122 | D:2      | Reached skill level 1 in Evocations
  1122 | D:2      | Reached XP level 4. HP: 41/41 MP: 5/5
  1398 | D:2      | Noticed Robin
  1411 | D:2      | Killed Robin
  1412 | D:2      | Reached skill level 1 in Conjurations
  1412 | D:2      | Reached skill level 1 in Hexes
  1412 | D:2      | Reached skill level 1 in Summonings
  1412 | D:2      | Reached skill level 1 in Necromancy
  1412 | D:2      | Reached skill level 1 in Translocations
  1412 | D:2      | Reached skill level 1 in Transmutations
  1412 | D:2      | Reached skill level 1 in Fire Magic
  1412 | D:2      | Reached skill level 1 in Ice Magic
  1412 | D:2      | Reached skill level 1 in Air Magic
  1412 | D:2      | Reached skill level 1 in Earth Magic
  1412 | D:2      | Reached skill level 1 in Poison Magic
  1720 | D:3      | Reached XP level 5. HP: 47/47 MP: 6/6
  2113 | D:3      | Found a transporter.
  2115 | D:3      | Found a transporter.
  2291 | D:3      | Noticed Zeld's ghost (amateur OpWr)
  2341 | D:3      | Reached XP level 6. HP: 53/53 MP: 8/8
  2448 | D:3      | Reached skill level 2 in Invocations
  2475 | D:3      | Reached skill level 5 in Axes
  2893 | D:3      | Killed Zeld's ghost
  2894 | D:3      | Reached skill level 2 in Short Blades
  2894 | D:3      | Reached skill level 2 in Long Blades
  2894 | D:3      | Reached skill level 2 in Maces & Flails
  2894 | D:3      | Reached skill level 2 in Polearms
  2894 | D:3      | Reached skill level 2 in Staves
  2894 | D:3      | Reached skill level 2 in Slings
  2894 | D:3      | Reached skill level 2 in Bows
  2894 | D:3      | Reached skill level 2 in Crossbows
  2894 | D:3      | Reached skill level 2 in Throwing
  2894 | D:3      | Reached skill level 2 in Dodging
  2894 | D:3      | Reached skill level 2 in Stealth
  2894 | D:3      | Reached skill level 7 in Shields
  2894 | D:3      | Reached skill level 2 in Unarmed Combat
  2894 | D:3      | Reached skill level 2 in Spellcasting
  2894 | D:3      | Reached skill level 2 in Evocations
  2894 | D:3      | Reached XP level 7. HP: 47/59 MP: 8/10
  3022 | D:4      | Reached skill level 7 in Fighting
  3022 | D:4      | Reached skill level 7 in Armour
  3372 | D:4      | Reached skill level 2 in Conjurations
  3372 | D:4      | Reached skill level 2 in Hexes
  3372 | D:4      | Reached skill level 2 in Summonings
  3372 | D:4      | Reached skill level 2 in Necromancy
  3372 | D:4      | Reached skill level 2 in Translocations
  3372 | D:4      | Reached skill level 2 in Transmutations
  3372 | D:4      | Reached skill level 2 in Fire Magic
  3372 | D:4      | Reached skill level 2 in Ice Magic
  3372 | D:4      | Reached skill level 2 in Air Magic
  3372 | D:4      | Reached skill level 2 in Earth Magic
  3372 | D:4      | Reached skill level 2 in Poison Magic
  3593 | D:4      | Reached skill level 3 in Invocations
  3979 | D:5      | Entered Level 5 of the Dungeon
  4168 | D:5      | You pick up a book of Minor Magic and begin reading...
  4168 | D:5      | You add the spells Magic Dart, Blink, Call Imp, Slow,
                  | Conjure Flame and Mephitic Cloud to your library.
  4187 | D:5      | Reached XP level 8. HP: 67/67 MP: 12/12
  4316 | D:5      | Reached skill level 3 in Short Blades
  4316 | D:5      | Reached skill level 3 in Long Blades
  4316 | D:5      | Reached skill level 3 in Maces & Flails
  4316 | D:5      | Reached skill level 3 in Polearms
  4316 | D:5      | Reached skill level 3 in Staves
  4316 | D:5      | Reached skill level 3 in Slings
  4316 | D:5      | Reached skill level 3 in Bows
  4316 | D:5      | Reached skill level 3 in Crossbows
  4316 | D:5      | Reached skill level 3 in Throwing
  4316 | D:5      | Reached skill level 3 in Dodging
  4316 | D:5      | Reached skill level 3 in Stealth
  4316 | D:5      | Reached skill level 3 in Unarmed Combat
  4316 | D:5      | Reached skill level 3 in Spellcasting
  4316 | D:5      | Reached skill level 3 in Evocations
  4555 | D:5      | Found a sacrificial altar of Ru.
  4715 | D:5      | Found an ancient bone altar of Kikubaaqudgha.
  4832 | D:5      | Found a broken altar of Ashenzari.
  5217 | D:6      | Found a staircase to the Ecumenical Temple.
  5226 | D:6      | Reached skill level 8 in Shields
  5269 | Temple   | Entered the Ecumenical Temple
  5317 | Temple   | Became a worshipper of Cheibriados the Contemplative
  5616 | D:6      | Noticed Dowan
  5617 | D:6      | Noticed Duvessa
  5633 | D:6      | Killed Duvessa
  5638 | D:6      | Killed Dowan
  5639 | D:6      | Reached skill level 3 in Conjurations
  5639 | D:6      | Reached skill level 3 in Hexes
  5639 | D:6      | Reached skill level 3 in Summonings
  5639 | D:6      | Reached skill level 3 in Necromancy
  5639 | D:6      | Reached skill level 3 in Translocations
  5639 | D:6      | Reached skill level 3 in Transmutations
  5639 | D:6      | Reached skill level 3 in Fire Magic
  5639 | D:6      | Reached skill level 3 in Ice Magic
  5639 | D:6      | Reached skill level 3 in Air Magic
  5639 | D:6      | Reached skill level 3 in Earth Magic
  5639 | D:6      | Reached skill level 3 in Poison Magic
  5639 | D:6      | Reached skill level 4 in Invocations
  5801 | D:6      | Reached skill level 6 in Axes
  5864 | D:6      | Reached XP level 9. HP: 73/73 MP: 14/14
  5918 | D:6      | Noticed a deep elf mage
  5926 | D:6      | Killed a deep elf mage
  5927 | D:6      | Reached skill level 4 in Short Blades
  5927 | D:6      | Reached skill level 4 in Long Blades
  5927 | D:6      | Reached skill level 4 in Maces & Flails
  5927 | D:6      | Reached skill level 4 in Polearms
  5927 | D:6      | Reached skill level 4 in Staves
  5927 | D:6      | Reached skill level 4 in Slings
  5927 | D:6      | Reached skill level 4 in Bows
  5927 | D:6      | Reached skill level 4 in Crossbows
  5927 | D:6      | Reached skill level 4 in Throwing
  5927 | D:6      | Reached skill level 4 in Dodging
  5927 | D:6      | Reached skill level 4 in Stealth
  5927 | D:6      | Reached skill level 4 in Unarmed Combat
  5927 | D:6      | Reached skill level 4 in Spellcasting
  5927 | D:6      | Reached skill level 4 in Evocations
  6135 | D:6      | magus.rc [v1.9.10]
  6296 | D:7      | Noticed Pikel
  6307 | D:7      | Killed Pikel
  6308 | D:7      | Reached skill level 8 in Fighting
  6308 | D:7      | Reached skill level 8 in Armour
  6308 | D:7      | Reached skill level 9 in Shields
  6499 | D:7      | Reached skill level 5 in Invocations
  6562 | D:7      | Noticed Prince Ribbit
  6585 | D:7      | Reached * piety under Cheibriados
  6641 | D:7      | Killed Prince Ribbit
  6642 | D:7      | Reached skill level 4 in Conjurations
  6642 | D:7      | Reached skill level 4 in Hexes
  6642 | D:7      | Reached skill level 4 in Summonings
  6642 | D:7      | Reached skill level 4 in Necromancy
  6642 | D:7      | Reached skill level 4 in Translocations
  6642 | D:7      | Reached skill level 4 in Transmutations
  6642 | D:7      | Reached skill level 4 in Fire Magic
  6642 | D:7      | Reached skill level 4 in Ice Magic
  6642 | D:7      | Reached skill level 4 in Air Magic
  6642 | D:7      | Reached skill level 4 in Earth Magic
  6642 | D:7      | Reached skill level 4 in Poison Magic
  6642 | D:7      | Reached XP level 10. HP: 56/80 MP: 17/17
  6761 | D:7      | Found a shimmering altar of Xom.
  6763 | D:7      | Found a shimmering altar of Xom.
  6763 | D:7      | Found a shimmering altar of Xom.
  6765 | D:7      | Found a shimmering altar of Xom.
  6765 | D:7      | Found a shimmering altar of Xom.
  6766 | D:7      | Found a shimmering altar of Xom.
  6963 | D:7      | Reached skill level 5 in Short Blades
  6963 | D:7      | Reached skill level 5 in Long Blades
  6963 | D:7      | Reached skill level 5 in Maces & Flails
  6963 | D:7      | Reached skill level 5 in Polearms
  6963 | D:7      | Reached skill level 5 in Staves
  6963 | D:7      | Reached skill level 5 in Slings
  6963 | D:7      | Reached skill level 5 in Bows
  6963 | D:7      | Reached skill level 5 in Crossbows
  6963 | D:7      | Reached skill level 5 in Throwing
  6963 | D:7      | Reached skill level 5 in Dodging
  6963 | D:7      | Reached skill level 5 in Stealth
  6963 | D:7      | Reached skill level 5 in Unarmed Combat
  6963 | D:7      | Reached skill level 5 in Spellcasting
  6963 | D:7      | Reached skill level 5 in Evocations
  7232 | D:7      | Reached skill level 7 in Axes
  7744 | D:8      | Reached ** piety under Cheibriados
  7772 | D:8      | You pick up a book of Conjurations and begin reading...
  7772 | D:8      | You add the spells Searing Ray, Dazzling Flash, Fulminant
                  | Prism and Iskenderun's Mystic Blast to your library.
  7776 | D:8      | Learned a level 2 spell: Blink
  7780 | D:8      | Learned a level 3 spell: Mephitic Cloud
  8087 | D:8      | Reached skill level 10 in Shields
  8214 | D:8      | Reached skill level 6 in Invocations
  8735 | D:9      | HP: 18/82 [acid (9)]
  9063 | D:9      | Reached *** piety under Cheibriados
  9247 | D:9      | Noticed a two-headed ogre
  9260 | D:9      | Killed a two-headed ogre
  9364 | D:9      | Reached XP level 11. HP: 87/87 MP: 19/19
  9732 | D:9      | Reached skill level 9 in Fighting
  9732 | D:9      | Reached skill level 9 in Armour
  9964 | D:9      | Reached skill level 6 in Short Blades
  9964 | D:9      | Reached skill level 6 in Long Blades
  9964 | D:9      | Reached skill level 6 in Maces & Flails
  9964 | D:9      | Reached skill level 6 in Polearms
  9964 | D:9      | Reached skill level 6 in Staves
  9964 | D:9      | Reached skill level 6 in Slings
  9964 | D:9      | Reached skill level 6 in Bows
  9964 | D:9      | Reached skill level 6 in Crossbows
  9964 | D:9      | Reached skill level 6 in Throwing
  9964 | D:9      | Reached skill level 6 in Dodging
  9964 | D:9      | Reached skill level 6 in Stealth
  9964 | D:9      | Reached skill level 6 in Unarmed Combat
  9964 | D:9      | Reached skill level 6 in Spellcasting
  9964 | D:9      | Reached skill level 6 in Evocations
  9991 | D:9      | Noticed a death yak
 10016 | D:9      | Reached **** piety under Cheibriados
 10124 | D:9      | Noticed a death yak
 10124 | D:9      | Noticed a death yak
 10133 | D:9      | Killed a death yak
 10134 | D:9      | Reached skill level 5 in Conjurations
 10134 | D:9      | Reached skill level 5 in Hexes
 10134 | D:9      | Reached skill level 5 in Summonings
 10134 | D:9      | Reached skill level 5 in Necromancy
 10134 | D:9      | Reached skill level 5 in Translocations
 10134 | D:9      | Reached skill level 5 in Transmutations
 10134 | D:9      | Reached skill level 5 in Fire Magic
 10134 | D:9      | Reached skill level 5 in Ice Magic
 10134 | D:9      | Reached skill level 5 in Air Magic
 10134 | D:9      | Reached skill level 5 in Earth Magic
 10134 | D:9      | Reached skill level 5 in Poison Magic
 10135 | D:9      | Killed a death yak
 10145 | D:9      | Killed a death yak
 10354 | D:9      | Found a staircase to the Lair.
 10642 | D:10     | Entered Level 10 of the Dungeon
 10756 | D:10     | Found a staircase to the Orcish Mines.
 10770 | D:10     | Reached skill level 7 in Invocations
 10792 | D:10     | Reached skill level 8 in Axes
 10792 | D:10     | Reached skill level 11 in Shields
 10854 | D:10     | Got a faintly humming buckler
 10865 | D:10     | Identified the +1 buckler of Tomorrow {Stlth+} (You found
                  | it on level 10 of the Dungeon)
 10959 | D:10     | Reached ***** piety under Cheibriados
 11405 | D:10     | Noticed a two-headed ogre
 11416 | D:10     | Killed a two-headed ogre
 11675 | Lair:1   | Entered Level 1 of the Lair of Beasts
 12526 | Lair:2   | Noticed a boulder beetle
 12536 | Lair:2   | Killed a boulder beetle
 12537 | Lair:2   | Reached XP level 12. HP: 96/96 MP: 22/22
 12802 | Lair:2   | Reached skill level 7 in Short Blades
 12802 | Lair:2   | Reached skill level 7 in Long Blades
 12802 | Lair:2   | Reached skill level 7 in Maces & Flails
 12802 | Lair:2   | Reached skill level 7 in Polearms
 12802 | Lair:2   | Reached skill level 7 in Staves
 12802 | Lair:2   | Reached skill level 7 in Slings
 12802 | Lair:2   | Reached skill level 7 in Bows
 12802 | Lair:2   | Reached skill level 7 in Crossbows
 12802 | Lair:2   | Reached skill level 7 in Throwing
 12802 | Lair:2   | Reached skill level 7 in Dodging
 12802 | Lair:2   | Reached skill level 7 in Stealth
 12802 | Lair:2   | Reached skill level 7 in Unarmed Combat
 12802 | Lair:2   | Reached skill level 7 in Spellcasting
 12802 | Lair:2   | Reached skill level 7 in Evocations
 13236 | Lair:3   | Reached skill level 6 in Conjurations
 13236 | Lair:3   | Reached skill level 6 in Hexes
 13236 | Lair:3   | Reached skill level 6 in Summonings
 13236 | Lair:3   | Reached skill level 6 in Necromancy
 13236 | Lair:3   | Reached skill level 6 in Translocations
 13236 | Lair:3   | Reached skill level 6 in Transmutations
 13236 | Lair:3   | Reached skill level 6 in Fire Magic
 13236 | Lair:3   | Reached skill level 6 in Ice Magic
 13236 | Lair:3   | Reached skill level 6 in Air Magic
 13236 | Lair:3   | Reached skill level 6 in Earth Magic
 13236 | Lair:3   | Reached skill level 6 in Poison Magic
 13487 | Lair:3   | Reached skill level 8 in Invocations
 14113 | Lair:4   | Found a hole to the Spider Nest.
 14116 | Lair:4   | Reached ****** piety under Cheibriados
 14119 | Lair:4   | Reached skill level 12 in Shields
 14125 | Lair:4   | Reached skill level 10 in Fighting
 14125 | Lair:4   | Reached skill level 10 in Armour
 14126 | Lair:4   | Noticed a death yak
 14131 | Lair:4   | Noticed a death yak
 14132 | Lair:4   | Noticed a death yak
 14159 | Lair:3   | Killed a death yak
 14160 | Lair:3   | Reached skill level 9 in Axes
 14277 | Lair:4   | You pick up a book of Misfortune and begin reading...
 14277 | Lair:4   | You add the spells Confusing Touch, Gell's Gravitas,
                  | Petrify, Metabolic Englaciation and Yara's Violent
                  | Unravelling to your library.
 14283 | Lair:4   | Learned a level 4 spell: Iskenderun's Mystic Blast
 14340 | Lair:4   | Found a runed translucent gate.
 14341 | Lair:4   | Found a runed translucent gate.
 14342 | Lair:4   | Found a runed translucent gate.
 14377 | Lair:4   | Killed a death yak
 14396 | Lair:4   | Killed a death yak
 14404 | Lair:4   | Reached XP level 13. HP: 89/103 MP: 24/24
 14618 | Lair:4   | Reached skill level 8 in Short Blades
 14618 | Lair:4   | Reached skill level 8 in Long Blades
 14618 | Lair:4   | Reached skill level 8 in Maces & Flails
 14618 | Lair:4   | Reached skill level 8 in Polearms
 14618 | Lair:4   | Reached skill level 8 in Staves
 14618 | Lair:4   | Reached skill level 8 in Slings
 14618 | Lair:4   | Reached skill level 8 in Bows
 14618 | Lair:4   | Reached skill level 8 in Crossbows
 14618 | Lair:4   | Reached skill level 8 in Throwing
 14618 | Lair:4   | Reached skill level 8 in Dodging
 14618 | Lair:4   | Reached skill level 8 in Stealth
 14618 | Lair:4   | Reached skill level 8 in Unarmed Combat
 14618 | Lair:4   | Reached skill level 8 in Spellcasting
 14618 | Lair:4   | Reached skill level 8 in Evocations
 14787 | Lair:4   | You add the spells Sting, Poisonous Vapours, Ignite Poison
                  | and Olgreb's Toxic Radiance to your library.
 14793 | Lair:4   | Learned a level 4 spell: Olgreb's Toxic Radiance
 14797 | Lair:4   | Learned a level 3 spell: Ignite Poison
 14925 | Lair:4   | Found a staircase to the Swamp.
 15003 | Lair:4   | Noticed Zaegoraum's ghost (journeyman DsAK)
 15005 | Lair:4   | Found the ring of the Tortoise {AC+8}
 15030 | Lair:4   | Learned a level 3 spell: Conjure Flame
 15049 | Lair:4   | Reached skill level 9 in Invocations
 15084 | Lair:4   | Killed Zaegoraum's ghost
 15214 | Lair:4   | Got the ring "Kux Zuotaps" {Fire}
 15385 | Lair:5   | Reached skill level 7 in Conjurations
 15385 | Lair:5   | Reached skill level 7 in Hexes
 15385 | Lair:5   | Reached skill level 7 in Summonings
 15385 | Lair:5   | Reached skill level 7 in Necromancy
 15385 | Lair:5   | Reached skill level 7 in Translocations
 15385 | Lair:5   | Reached skill level 7 in Transmutations
 15385 | Lair:5   | Reached skill level 7 in Fire Magic
 15385 | Lair:5   | Reached skill level 7 in Ice Magic
 15385 | Lair:5   | Reached skill level 7 in Air Magic
 15385 | Lair:5   | Reached skill level 7 in Earth Magic
 15385 | Lair:5   | Reached skill level 7 in Poison Magic
 15551 | Lair:5   | Reached skill level 13 in Shields
 16377 | Lair:6   | Entered Level 6 of the Lair of Beasts
 16535 | Lair:6   | Reached XP level 14. HP: 102/111 MP: 26/26
 16547 | Lair:6   | Reached skill level 10 in Axes
 16569 | Lair:6   | Noticed Diggabert's ghost (journeyman DECj)
 16588 | Lair:6   | Reached skill level 11 in Fighting
 16588 | Lair:6   | Reached skill level 11 in Armour
 16592 | Lair:6   | Reached skill level 9 in Short Blades
 16592 | Lair:6   | Reached skill level 9 in Long Blades
 16592 | Lair:6   | Reached skill level 9 in Maces & Flails
 16592 | Lair:6   | Reached skill level 9 in Polearms
 16592 | Lair:6   | Reached skill level 9 in Staves
 16592 | Lair:6   | Reached skill level 9 in Slings
 16592 | Lair:6   | Reached skill level 9 in Bows
 16592 | Lair:6   | Reached skill level 9 in Crossbows
 16592 | Lair:6   | Reached skill level 9 in Throwing
 16592 | Lair:6   | Reached skill level 9 in Dodging
 16592 | Lair:6   | Reached skill level 9 in Stealth
 16592 | Lair:6   | Reached skill level 9 in Unarmed Combat
 16592 | Lair:6   | Reached skill level 9 in Spellcasting
 16592 | Lair:6   | Reached skill level 9 in Evocations
 16671 | Lair:6   | Found a transporter.
 16675 | Lair:6   | Found a transporter.
 16719 | Lair:6   | Reached skill level 10 in Invocations
 17148 | Lair:6   | Reached skill level 14 in Shields
 17425 | Lair:6   | Reached skill level 8 in Conjurations
 17425 | Lair:6   | Reached skill level 8 in Hexes
 17425 | Lair:6   | Reached skill level 8 in Summonings
 17425 | Lair:6   | Reached skill level 8 in Necromancy
 17425 | Lair:6   | Reached skill level 8 in Translocations
 17425 | Lair:6   | Reached skill level 8 in Transmutations
 17425 | Lair:6   | Reached skill level 8 in Fire Magic
 17425 | Lair:6   | Reached skill level 8 in Ice Magic
 17425 | Lair:6   | Reached skill level 8 in Air Magic
 17425 | Lair:6   | Reached skill level 8 in Earth Magic
 17425 | Lair:6   | Reached skill level 8 in Poison Magic
 17930 | Lair:6   | You pick up a book of Callings and begin reading...
 17930 | Lair:6   | You add the spells Summon Small Mammal, Call Canine
                  | Familiar, Summon Guardian Golem, Summon Lightning Spire and
                  | Summon Ice Beast to your library.
 18022 | Lair:6   | Reached XP level 15. HP: 97/119 MP: 2/28
 18305 | Lair:6   | Found a staircase to the Slime Pits.
 18305 | Lair:6   | Found a viscous altar of Jiyva.
 18852 | Lair:6   | Killed Diggabert's ghost
 19114 | Orc:1    | Entered Level 1 of the Orcish Mines
 19326 | D:10     | magus.rc [v1.9.10]
 19806 | Orc:1    | Found a bloodstained altar of Trog.
 19807 | Orc:1    | Found the +8 Wrath of Trog {antimagic, *Rage}
 19828 | Orc:2    | Entered Level 2 of the Orcish Mines
 19828 | Orc:2    | Noticed an orc warlord
 19832 | Orc:2    | Reached skill level 10 in Short Blades
 19832 | Orc:2    | Reached skill level 10 in Long Blades
 19832 | Orc:2    | Reached skill level 10 in Maces & Flails
 19832 | Orc:2    | Reached skill level 10 in Polearms
 19832 | Orc:2    | Reached skill level 10 in Staves
 19832 | Orc:2    | Reached skill level 10 in Slings
 19832 | Orc:2    | Reached skill level 10 in Bows
 19832 | Orc:2    | Reached skill level 10 in Crossbows
 19832 | Orc:2    | Reached skill level 10 in Throwing
 19832 | Orc:2    | Reached skill level 10 in Dodging
 19832 | Orc:2    | Reached skill level 10 in Stealth
 19832 | Orc:2    | Reached skill level 10 in Unarmed Combat
 19832 | Orc:2    | Reached skill level 10 in Spellcasting
 19832 | Orc:2    | Reached skill level 10 in Evocations
 19838 | Orc:2    | Killed an orc warlord
 20180 | Orc:2    | Reached skill level 11 in Axes
 20202 | Orc:2    | Noticed Urug
 20214 | Orc:2    | Killed Urug
 20519 | Orc:2    | Found a roughly hewn altar of Beogh.
 20521 | Orc:2    | Found Kacuar's Armour Boutique.
 20600 | Orc:2    | Found a staircase to the Elven Halls.
 20736 | Orc:2    | Found a roughly hewn altar of Beogh.
 20875 | Orc:2    | Noticed an orc warlord
 20886 | Orc:2    | Killed an orc warlord
 20887 | Orc:2    | Reached skill level 11 in Invocations
 21012 | Orc:2    | Found Hepsosmu's Antique Armour Shoppe.
 21014 | Orc:2    | Found a roughly hewn altar of Beogh.
 21020 | Orc:2    | Found Bapid's Antique Weapon Emporium.
 21036 | Orc:2    | Bought an ichor-stained rapier for 306 gold pieces
 21036 | Orc:2    | Identified the +10 rapier "Umoukah" {flame, rN+} (You
                  | bought it in a shop on level 2 of the Orcish Mines)
 21212 | Orc:2    | Found a roughly hewn altar of Beogh.
 21308 | Orc:2    | Found a roughly hewn altar of Beogh.
 21318 | Orc:2    | Found Ypulom's Antique Armour Shop.
 21438 | Orc:2    | Bought a pair of pitted gloves for 247 gold pieces
 21443 | Orc:2    | Identified the +1 pair of gloves "Sasycida" {rPois Int+5}
                  | (You bought it in a shop on level 2 of the Orcish Mines)
 21443 | Orc:2    | Bought a pair of glowing boots for 195 gold pieces
 21538 | Orc:2    | Bought a +2 pair of boots of flying for 258 gold pieces
 21642 | Orc:1    | Found a transporter.
 21703 | Orc:1    | Found a transporter.
 21703 | Orc:1    | Found a runed translucent door.
 21706 | Orc:1    | Noticed a deep elf elementalist
 21720 | Orc:1    | HP: 30/120 [stone giant (33)]
 21721 | Orc:1    | HP: 8/120 [stone giant (26)]
 21730 | Orc:1    | HP: 22/120 [orc knight/+0 great sword (10)]
 21733 | Orc:1    | Slain by an orc knight

Vanquished Creatures
  2 orc warlords (Orc:2)
  2 stone giants
  The ghost of Diggabert the Eclecticist, a journeyman DECj of Vehumet (Lair:6)
  The ghost of Zaegoraum the Carver, a journeyman DsAK of Lugonu (Lair:4)
  2 boulder beetles
  6 hydras
  3 catoblepae (Lair:6)
  3 two-headed ogres
  2 orc high priests (Orc:2)
  17 death yaks
  Urug (Orc:2)
  2 bog bodies (Lair:4)
  A lindwurm (Lair:6)
  Pikel (D:7)
  2 orc knights (Orc:1)
  5 orc sorcerers
  A deep elf mage (D:6)
  2 manticores (Lair:6)
  11 elephants
  7 black mambas
  A centaur zombie (D:10)
  4 torpor snails
  6 cane toads
  A centaur skeleton (D:10)
  5 rime drakes
  3 komodo dragons
  6 trolls
  2 meliai (Lair:6)
  A queen bee (Lair:6)
  2 hornets
  Prince Ribbit (D:7)
  4 polar bears
  4 jumping spiders (Lair:4)
  11 dream sheep
  21 blink frogs
  The ghost of Zeld the Cudgeller, an amateur OpWr (D:3)
  3 redbacks (Lair:4)
  54 yaks
  A human (D:7)
  A steam dragon (Lair:4)
  2 wyverns
  3 hogs (D:7)
  8 basilisks
  A death yak simulacrum (Lair:4)
  3 swamp worms (Lair:4)
  A hydra simulacrum (Lair:4)
  4 wargs
  13 water moccasins
  Duvessa (D:6)
  37 orc warriors
  An eye of draining (D:8)
  2 ice beasts
  A sky beast (D:8)
  3 necrophages (D:10)
  38 wolves
  11 ogres
  3 phantoms
  5 centaurs
  10 bullfrogs
  2 big kobolds (D:7)
  A wyvern zombie (D:8)
  Dowan (D:6)
  A cane toad simulacrum (Lair:4)
  6 scorpions
  A dream sheep simulacrum (Lair:4)
  19 killer bees
  13 wights
  3 electric eels
  6 hounds
  6 jellies
  3 quasits
  3 komodo dragon simulacra (Lair:4)
  A bullfrog skeleton (D:4)
  2 bullfrog zombies
  25 orc priests
  27 orc wizards
  4 iguanas
  Terence (D:2)
  10 worker ants
  A hound skeleton (D:9)
  2 hound zombies
  Robin (D:2)
  3 worker ant zombies
  14 gnolls
  10 adders
  4 river rats (D:9)
  A shadow imp (D:5)
  4 white imps
  An ufetubus (D:9)
  6 oozes
  3 adder skeletons (D:4)
  A worm (D:2)
  2 dart slugs
  5 leopard geckos
  90 orcs
  3 ball pythons
  6 giant cockroaches
  14 goblins
  9 hobgoblins
  10 jackals
  4 quokkas
  6 bats
  2 frilled lizards
  12 kobolds
  A quokka skeleton (D:6)
  8 rats
709 creatures vanquished.

Vanquished Creatures (others)
  A yak (Lair:6)
  A kobold (D:7)
  24 fungi
  49 plants
75 creatures vanquished.

Grand Total: 784 creatures vanquished

Table legend:
 A = Non-vault XP
 B = Vault XP
 C = Vault XP percentage of total XP
 D = Non-vault monster count
 E = Vault monster count
 F = Vault count percentage of total count
                 A         B        C        D         E       F
            +---------+---------+-------+---------+---------+-------
      Total |   72446 |   45055 |  38.3 |     482 |     227 |  32.0
            +---------+---------+-------+---------+---------+-------
        D:1 |      21 |       4 |  16.0 |      13 |       3 |  18.8
        D:2 |      57 |      72 |  55.8 |      22 |      12 |  35.3
        D:3 |     175 |     348 |  66.5 |      25 |       8 |  24.2
        D:4 |     375 |      77 |  17.0 |      21 |       2 |   8.7
        D:5 |     358 |       0 |   0.0 |      22 |       0 |   0.0
        D:6 |     744 |     776 |  51.1 |      14 |       3 |  17.6
        D:7 |    1412 |    2015 |  58.8 |      26 |       8 |  23.5
        D:8 |    1058 |       0 |   0.0 |      21 |       0 |   0.0
        D:9 |    2768 |    2785 |  50.2 |      32 |      19 |  37.3
       D:10 |    3140 |     897 |  22.2 |      30 |       6 |  16.7
     Lair:1 |     367 |       0 |   0.0 |       1 |       0 |   0.0
     Lair:2 |    3516 |      70 |   2.0 |      17 |       1 |   5.6
     Lair:3 |    5793 |       0 |   0.0 |      24 |       0 |   0.0
     Lair:4 |    7315 |    6839 |  48.3 |      21 |      25 |  54.3
     Lair:5 |   11506 |     547 |   4.5 |      40 |       2 |   4.8
     Lair:6 |   21401 |   20612 |  49.1 |      55 |      70 |  56.0
      Orc:1 |    4992 |    2932 |  37.0 |      46 |       3 |   6.1
      Orc:2 |    7448 |    7081 |  48.7 |      52 |      65 |  55.6
            +---------+---------+-------+---------+---------+-------

Illustrated notes

Table legend:
 A = Kills in this place as a percentage of kills in entire the game.
 B = Kills by you in this place as a percentage of kills by you in the entire game.
 C = Kills by friends in this place as a percentage of kills by friends in the entire game.
 D = Other kills in this place as a percentage of other kills in the entire game.
 E = Experience gained in this place as a percentage of experience gained in the entire game.
 F = Experience gained in this place divided by the number of levels of this place that you have seen.
                   A       B       C       D       E      F
               +-------+-------+-------+-------+-------+----------------------
         Total | 100.0 | 100.0 |   N/A |   N/A | 100.0 | 6184.3
       Dungeon |  40.5 |  40.5 |   N/A |   N/A |  14.5 | 1708.2
          Lair |  36.1 |  36.1 |   N/A |   N/A |  66.4 | 12994.3
  Orcish Mines |  23.4 |  23.4 |   N/A |   N/A |  19.1 | 11226.5
               +-------+-------+-------+-------+-------+----------------------

Table legend: (Time is in decaauts)
 A = Elapsed time spent in this place.
 B = Non-inter-level travel time spent in this place.
 C = Inter-level travel time spent in this place.
 D = Time resting spent in this place.
 E = Time spent auto-exploring this place.
 F = Levels seen in this place.
 G = Mean time per level.
                   A        B        C        D        E       F      G
               +--------+--------+--------+--------+--------+-----+--------+
         Total |  28866 |  26892 |   1974 |    208 |  22138 |  19 | 1519.3 |
       Dungeon |  13458 |  12623 |    835 |    103 |  10353 |  10 | 1345.8 |
        Temple |    373 |    310 |     63 |      0 |    301 |   1 |  373.0 |
          Lair |  11485 |  10649 |    836 |    101 |   8953 |   6 | 1914.2 |
  Orcish Mines |   3549 |   3311 |    238 |      3 |   2531 |   2 | 1774.5 |
               +--------+--------+--------+--------+--------+-----+--------+

Top non-repeatable levels by time:
  Lair:6: 3584 daAuts
     D:9: 2576 daAuts
   Orc:2: 2411 daAuts
  Lair:3: 1873 daAuts
  Lair:5: 1790 daAuts
     D:7: 1753 daAuts
    D:10: 1670 daAuts
  Lair:4: 1665 daAuts
  Lair:2: 1536 daAuts
     D:3: 1302 daAuts
     D:8: 1197 daAuts
   Orc:1: 1138 daAuts
     D:5: 1137 daAuts
  Lair:1: 1034 daAuts
     D:6: 1032 daAuts
